 Dungeon Crawl Stone Soup version 0.28.0-43-g3370ac3207 (webtiles) character file.

Game seed: 1080479594483543495

127 nickcage the Vexing (level 4, -8/21 HPs)
             Began as a Spriggan Enchanter on Mar 18, 2022.
             Mangled by a gnoll sergeant
             ... wielding a +5 trident of freezing
              (16 damage)
             ... on level 3 of the Dungeon.
             The game lasted 00:11:27 (2595 turns).

nickcage the Vexing (Spriggan Enchanter)            Turns: 2595, Time: 00:11:27

Health: -8/21      AC:  6    Str:  4    XL:     4   Next: 85%
Magic:  6/9        EV: 17    Int: 16    God:
Gold:   92         SH:  0    Dex: 17    Spells: 6/8 levels left

rFire   . . .      SeeInvis +   a - +1 dagger
rCold   . . .      Faith    .   (no shield)
rNeg    . . .      Spirit   .   b - +0 robe
rPois   .          Reflect  .   (helmet restricted)
rElec   .          Harm     .   (no cloak)
rCorr   .          Rampage  .   (gloves unavailable)
Will    .....                   (boots unavailable)
Stlth   +++.......              (no amulet)
HPRegen 0.07/turn               k - +4 ring of protection
MPRegen 0.11/turn               (no ring)

@: very quick
A: very small, no large weapons, unfitting armour, see invisible, speed 3
a: no special abilities


You were on level 3 of the Dungeon.
You visited 1 branch of the dungeon, and saw 3 of its levels.

You collected 92 gold pieces.

Inventory:

Hand Weapons
 a - a +1 dagger (weapon)
Missiles
 i - 6 boomerangs (quivered)
Armour
 b - a +0 robe (worn)
 h - a +0 buckler
Jewellery
 k - a +4 ring of protection (left hand)
Scrolls
 d - 2 scrolls of teleportation {unknown}
 f - a scroll of summoning {unknown}
 g - 3 scrolls of identify {unknown}
Potions
 c - a potion of invisibility
 e - a potion of curing {unknown}
 j - a potion of resistance {unknown}
 l - a potion of ambrosia {unknown}


   Skills:
 + Level 1.5 Short Blades
 - Level 0.2 Throwing
 - Level 2.6 Dodging
 - Level 4.4 Stealth
 - Level 2.6 Spellcasting
 + Level 6.6 Hexes


You had 6 spell levels left.
You knew the following spells:

 Your Spells              Type           Power      Damage    Failure   Level
a - Ensorcelled Hibernat  Hex/Ice        24%        N/A       8%          2

Your spell library contained the following spells:

 Spells                   Type           Power      Damage    Failure   Level
 Confusing Touch          Hex            23%        N/A       3%          3
 Tukima's Dance           Hex            23%        N/A       3%          3
 Dazzling Flash           Conj/Hex       24%        N/A       16%         3
 Portal Projectile        Hex/Tloc       24%        N/A       16%         3
 Apportation              Tloc           4%         N/A       19%         1
 Magic Dart               Conj           8%         1d3       19%         1
 Searing Ray              Conj           4%         2d4       28%         2
 Fulminant Prism          Conj/Hex       6%         3d7       45%         4
 Alistair's Intoxication  Tmut/Pois      1%         N/A       99%         5
 Blade Hands              Tmut           1%         N/A       99%         5
 Excruciating Wounds      Necr           1%         N/A       99%         5


Dungeon Overview and Level Annotations

Branches:
Dungeon (3/15)

Altars:
Uskayaw


Innate Abilities, Weirdness & Mutations

You are very small and have problems with some larger weapons.
You are too small for most types of armour.
You have supernaturally acute eyesight. (SInv)
You cover ground extremely quickly. (Speed+++)


Message History

The gnoll sergeant shouts!
Things that are here:
a +0 halberd; a gnoll corpse
Casting: Ensorcelled Hibernation (safe; 8% risk of failure)
Confirm with . or Enter, or press ? or * to list all spells.
Aiming: Ensorcelled Hibernation (safe; 8% risk of failure)
Press: ? - help, Shift-Dir - straight line, f - gnoll sergeant
Aim: a gnoll sergeant, wielding a +5 trident of freezing and wearing a +0 ring mail (chance to affect: 46%)
The gnoll sergeant looks drowsy...
The helpless gnoll sergeant fails to defend itself.
You puncture the gnoll sergeant!
The gnoll sergeant is severely wounded.
The gnoll sergeant barely misses you.
You hit the gnoll sergeant.
The gnoll sergeant is severely wounded.
You hit the gnoll sergeant but do no damage.
The gnoll sergeant is severely wounded.
You hit the gnoll sergeant but do no damage.
The gnoll sergeant is severely wounded.
The gnoll sergeant completely misses you.
The gnoll completely misses you.
Casting: Ensorcelled Hibernation (safe; 8% risk of failure)
Confirm with . or Enter, or press ? or * to list all spells.
Aiming: Ensorcelled Hibernation (safe; 8% risk of failure)
Press: ? - help, Shift-Dir - straight line, f - gnoll, p - gnoll sergeant
Aim: a gnoll, wielding a +0 whip (chance to affect: 54%)
The gnoll looks drowsy...
The gnoll sergeant completely misses you.
The gnoll hits you from afar with a +0 halberd.
The helpless gnoll fails to defend itself.
You impale the gnoll!!
You kill the gnoll!
The gnoll sergeant closely misses you. The gnoll misses you.
You hit the gnoll sergeant but do no damage.
The gnoll sergeant is severely wounded.
The gnoll sergeant hits you with a +5 trident of freezing!
The gnoll sergeant freezes you. The gnoll barely misses you.
The gnoll sergeant hits you from afar with a +5 trident of freezing!
Ouch! That really hurt!
You die...

#.#...##############.
#.#......# ♣♣♣♣ #.
#.#(....## ♣)... ##
#.#...###♣♣♣..# # #
#.#..##♣♣♣)...#... #
#########†####♣♣)..♣..#...
#
...........#g)g.......'g.)
#
...........#.#♣♣....♣:#g..
# ...........'@#
♣♣♣.)..#... ##
...........### ♣♣♣..# ##
#. ...........# ♣... #.
...........# ♣♣♣♣ ##.
############ #######..
#.†...... #........
#........ #........


You could see a gnoll sergeant.

Vanquished Creatures
  3 gnolls (D:3)
  2 adders (D:3)
  An ufetubus (D:3)
  2 worms (D:2)
  An orc (D:3)
  4 endoplasms
  5 hobgoblins
  8 jackals
  3 quokkas
  5 ball pythons
  10 bats
  3 frilled lizards
  4 goblins
  7 kobolds
  8 rats
66 creatures vanquished.

Notes
Turn   | Place    | Note
-------+----------+-------------------------------------------
     0 | D:1      | nickcage the Spriggan Enchanter began the quest for the
                  | Orb.
     0 | D:1      | Reached XP level 1. HP: 9/9 MP: 5/5
    85 | D:1      | Reached skill level 4 in Hexes
   181 | D:1      | Reached XP level 2. HP: 11/13 MP: 6/6
   222 | D:1      | Learned a level 2 spell: Ensorcelled Hibernation
   583 | D:1      | Reached skill level 5 in Hexes
   628 | D:1      | Reached XP level 3. HP: 16/16 MP: 8/8
  1323 | D:2      | Found a faded altar of an unknown god.
  2114 | D:3      | Reached skill level 6 in Hexes
  2114 | D:3      | Reached XP level 4. HP: 21/21 MP: 9/9
  2254 | D:3      | Noticed a sky beast
  2366 | D:3      | Found a hide-covered altar of Uskayaw.
  2572 | D:3      | Noticed a gnoll sergeant
  2574 | D:3      | Found the +8 woodcutter's axe {vorpal}
  2595 | D:3      | Mangled by a gnoll sergeant

Illustrated notes

Levels and vault maps discovered:
D:1:      tarquinn_simple_flora_water_a, layout_basic
D:2:      layout_loops_ring, ebering_ecumenical_altar_abandoned
D:3:      layout_basic, general_overflow_altar, pf_guarded_unrand_woodcutter

Skill      XL: |  1  2  3 |
---------------+----------+-----
Hexes          | 4 5 6 |  6.6
Short Blades   | |  1.5
Throwing       | |  0.2
Dodging        | |  2.6
Stealth        | |  4.4
Spellcasting   | |  2.6

Action                   |  1- 3 |  4- 6 || total
-------------------------+-------+-------++-------
Melee: Dagger            |   144 |    36 ||   180
       Punch             |     4 |       ||     4
Throw: Boomerang         |     5 |       ||     5
 Cast: Ensorcelled Hiber |    19 |    12 ||    31
 Stab: Sleeping          |    28 |     7 ||    35
Armor: Robe              |    21 |     9 ||    30
Dodge: Dodged            |   130 |    47 ||   177
